 Dungeon Crawl Stone Soup version 0.29.1-2-gbd0b4ee654 (webtiles) character file.

Game seed: 10063147167090102588

499457 funnyparkerb the Slayer (level 26, -3/315 HPs)
             Began as a Djinni Fire Elementalist on Nov 10, 2022.
             Was the Champion of Ashenzari.
             Killed from afar by an acid blob (22 damage)
             ... with a splash of acid
             ... created by the Royal Jelly
             ... on level 4 of the Pits of Slime on Nov 11, 2022.
             The game lasted 02:09:10 (56442 turns).

funnyparkerb the Slayer (Djinni Fire Elementalist) Turns: 56442, Time: 02:09:10

Health: -3/315     AC:  4    Str: 17    XL:     26   Next: 14%
Gold:   5598       EV: 20    Int: 31    God:    Ashenzari [******] SH:  0 Dex: 17

rFire   + + .      SeeInvis +     - Unarmed
rCold   x . .      Faith    .   (shield currently unavailable)
rNeg    . . .      Spirit   .   (body armour currently unavailable)
rPois   ∞          Reflect  .   (helmet currently unavailable)
rElec   .          Harm     .   (cloak currently unavailable)
rCorr   .          Rampage  .   (gloves currently unavailable)
Will    ++...      Clarity  +   (boots unavailable)
Stlth   +++.......              V - amulet of the Bound Seer {Regen+, Fort, Cun} (curse)
HPRegen 1.42/turn               o - ring of Ashenzari's Negligence {*Corrode MP+9 Int+5, Self, Evo} (curse)
MPRegen 0.00/turn               p - ring "Unveiling Adversity" {AC+4, Cun, Melee} (curse)

@: brilliant, dragon-form, corroded, flying, studying 2 skills
A: dragon claw, dragon scales, breathe fire, flying, boosted hp, sickness
immunity, giant, (fire resistance 2), (cold vulnerability 1), float, innate
caster, HP casting, extra vitality 1
}: 3/15 runes: decaying, silver, gossamer
a: Breathe Fire, End Transformation, Renounce Religion, Shatter the Chains


You were on level 4 of the Pits of Slime.
You worshipped Ashenzari.
Ashenzari was exalted by your worship.
You were a fearsome dragon!
You visited 10 branches of the dungeon, and saw 48 of its levels.
You visited the Abyss 1 time.
You also visited: Ice Cave.

You collected 6953 gold pieces.
You spent 1355 gold pieces at shops.

Inventory:

Hand Weapons
 N - the cursed +3 Elemental Staff (melded) {rElec rF++ rC++ AC+5, Fort, Cun}
   (You took it off a deep elf pyromancer on level 10 of the Dungeon)

   If the wielder is skilled in Evocations, they can discharge powerful blasts
   of elemental energy when striking with it.
   It enhances your fire, ice, earth and air magic.
   AC:        It affects your AC (+5).
   rF:        It greatly protects you from fire.
   rC:        It greatly protects you from cold.
   rElec:     It insulates you from electricity.
   It has a curse which improves the following skills: Fortitude: Armour and
   Shields.
   Cunning:   Dodging and Stealth.
Missiles
 c - 17 atropa-tipped darts
 k - 6 curare-tipped darts
 M - 2 throwing nets
Armour
 q - the cursed +3 hat of Pondering (melded) {ponderous, Will+ MP+10 Int+5, Self, Fort}
   (You took it off Gastronok on level 12 of the Dungeon)

   Int:       It affects your intelligence (+5).
   MP:        It affects your magic capacity (+10).
   Will:      It increases your willpower.
   It has a curse which improves the following skills: Introspection: Fighting
   and Spellcasting.
   Fortitude: Armour and Shields.
 r - a +1 cloak
 s - the +7 scale mail of Shadows and Fog {rC++}
   (You found it on level 1 of the Vaults)

   rC:        It greatly protects you from cold.
 x - the cursed +1 pair of gloves "Omen of Ashenzari" (melded) {Evo, Self}
   (You found it on level 9 of the Dungeon)

   It has a curse which improves the following skills: Evocations: Evocations.
   Introspection: Fighting and Spellcasting.
 F - the cursed +0 cloak of Panopticon (melded) {Cun, Evo}
   (You took it off Crazy Yiuf on level 6 of the Dungeon)

   It has a curse which improves the following skills: Cunning: Dodging and
   Stealth.
   Evocations: Evocations.
 O - the cursed +5 ring mail "Fetters of Ashenzari" (melded) {rC+, Fort, Self}
   (You found it on level 10 of the Dungeon)

   It has a curse which improves the following skills: Fortitude: Armour and
   Shields.
   Introspection: Fighting and Spellcasting.
 T - the cursed +3 warlock's mirror (melded) {reflect, Evo, Self}
   (You found it on level 11 of the Dungeon)

   It can block and reflect piercing ranged attacks and magical attacks against
   the wielder's willpower.
   It has a curse which improves the following skills: Evocations: Evocations.
   Introspection: Fighting and Spellcasting.
 X - a +2 kite shield of reflection
Jewellery
 h - a +6 ring of dexterity
 i - a +4 ring of slaying
 o - the cursed ring of Ashenzari's Negligence (left foreclaw) {*Corrode MP+9 Int+5, Self, Evo}
   (You took it off an orc on level 5 of the Vaults)

   [ring of magical power]

   Int:       It affects your intelligence (+5).
   MP:        It affects your magic capacity (+9).
   *Corrode:  It may corrode you when you take damage.
   It has a curse which improves the following skills: Introspection: Fighting
   and Spellcasting.
   Evocations: Evocations.
 p - the cursed ring "Unveiling Adversity" (right foreclaw) {AC+4, Cun, Melee}
   (You found it in an ice cave)

   [ring of protection]

   AC:        It affects your AC (+4).
   It has a curse which improves the following skills: Cunning: Dodging and
   Stealth.
   Melee Combat: Short Blades, Long Blades, Axes, Maces & Flails, Polearms,
   Staves and Unarmed Combat.
 H - a +4 ring of protection
 I - a +4 ring of evasion
 V - the cursed amulet of the Bound Seer (around neck) {Regen+, Fort, Cun}
   (You found it on level 2 of the Lair of Beasts)

   [amulet of regeneration]

   Regen:     It increases your rate of health regeneration.
   It has a curse which improves the following skills: Fortitude: Armour and
   Shields.
   Cunning:   Dodging and Stealth.
Wands
 a - a wand of charming (12)
 g - a wand of light (37)
 C - a wand of flame (120)
 P - a wand of roots (38)
 Q - a wand of digging (31)
 Y - a wand of mindburst (6)
 Z - a wand of polymorph (15)
Scrolls
 d - 7 scrolls of enchant armour
 e - 2 scrolls of summoning
 j - 3 scrolls of enchant weapon
 t - 3 scrolls of fear
 u - 9 scrolls of magic mapping
 v - 9 scrolls of poison
 A - 3 scrolls of butterflies
 B - a scroll of blinking
 E - 5 scrolls of silence
 G - 9 scrolls of vulnerability
 R - a scroll of brand weapon
 U - 15 scrolls of teleportation
Potions
 b - 4 potions of ambrosia
 f - 9 potions of mutation
 l - 14 potions of haste
 m - 4 potions of attraction
 n - 8 potions of cancellation
 w - 23 potions of curing
 z - 3 potions of resistance
 D - 13 potions of brilliance
 J - 3 potions of invisibility
 K - 7 potions of lignification
 S - 3 potions of heal wounds
 W - 4 potions of might
Miscellaneous
 y - a condenser vane
 L - a tin of tremorstones (2/2)


   Skills:
 + Level 21.0(23.3) Fighting
 - Level 10.0(12.6) Armour
 + Level 18.8(22.4) Dodging
 - Level 1.5(4.1) Stealth
 - Level 13.5(16.0) Shields
 - Level 18.8(21.2) Unarmed Combat
 + Level 19.6(22.0) Spellcasting
 - Level 4.7(7.2) Evocations


You couldn't memorise any spells.
You knew the following spells:

 Your Spells              Type           Power      Damage    Failure   Level
a - Foxfire               Conj/Fire      100%       2x1d9     0%          1
b - Scorch                Fire           100%       2d10      0%          2
c - Conjure Flame         Conj/Fire      100%       6-21      0%          3
d - Inner Flame           Hex/Fire       100%       N/A       0%          3
e - Flame Wave            Conj/Fire      100%       2d21      0%          4
f - Magic Dart            Conj           100%       1d8       0%          1
g - Static Discharge      Conj/Air       100%       3-16/arc  0%          2
h - Wereblood             Tmut           100%       N/A       0%          2
i - Fulminant Prism       Conj/Hex       65%        3d28      0%          4
j - Manifold Assault      Tloc           100%       N/A       0%          5
k - Lightning Bolt        Conj/Air       65%        1d89      0%          5
l - Simulacrum            Ice/Necr       65%        N/A       1%          6
m - Ozocubu's Refrigerat  Ice            65%        4d21      1%          7
n - Conjure Ball Lightni  Conj/Air       65%        3x3d23    1%          6
o - Dragon Form           Tmut           65%        N/A       1%          7
p - Lehudib's Crystal Sp  Conj/Erth      65%        10d15     1%          8
q - Polar Vortex          Ice            65%        N/A       12%         9
Your spell library was empty.

Dungeon Overview and Level Annotations

Branches:
Dungeon (15/15)            Temple (1/1) D:5            Lair (5/5) D:10
  Swamp (4/4) Lair:2       Spider (4/4) Lair:2        Slime (5/5) Lair:4
    Orc (2/2) D:9             Elf (3/3) Orc:2        Vaults (5/5) D:14
  Crypt (0/3) Vaults:3     Depths (4/4) D:15            Zot (0/5) Depths:4
  IceCv (visited)

Altars:
Ashenzari
Dithmenos
Fedhas
Gozag
Makhleb
Okawaru
Qazlal
Ru
Trog
Uskayaw
Wu Jian
Yredelemnul
Zin
The Shining One

Shops:
D:7 =   D:13 *   Orc:1 *   Orc:2 *!(((   Vaults:1 (   Vaults:4 *

Portals:
Hell: Depths:1 Depths:2 Depths:3 Depths:4
Abyss: Depths:3
Pandemonium: Depths:2
Ziggurat: Depths:2
Trove: D:15 (give 13 potions of heal wounds)

Annotations:
D:15 4 transporters
Swamp:4 1 runed translucent door, Zeld's ghost, adept MiBe
Slime:5 Royal Jelly
Elf:3 3 runed translucent doors, quakins's ghost, adept TrTm
Vaults:1 2 transporters, Silenth's ghost, adept DrFE
Depths:1 4 transporters


Innate Abilities, Weirdness & Mutations

You are a fearsome dragon!
You have a powerful clawing attack.
Your giant scaled body is strong and resiliant, but less evasive.
You can breathe fire.
You are flying.
Your maximum health is greatly increased.
Your armour is entirely melded.
You are incapable of wielding weapons or throwing items.
You are immune to sickness and miasma.
You are immune to poison.
((Your flesh is very heat resistant. (rF++)))
((You are vulnerable to cold. (rC-)))
You float through the air rather than walking.
You learn spells naturally, not from books.
Your magical power is your life essence.
You have superior vitality. (+4 MHP)


Message History

The acid blob spits acid at you. The splash of acid hits you.
The acid blob spits acid at you. The splash of acid hits you!
The acid blob spits acid at you. The splash of acid hits you.
The acid blob spits acid at you. The splash of acid hits you!
You are too injured to fight recklessly!
The acid blob attacks as you move away!
The acid blob hits you but does no damage.
The acid blob spits acid at you. The splash of acid hits you!!
* * * LOW HITPOINT WARNING * * *
The acid corrodes you! The acid blob attacks as you move away!
The acid blob hits you.
* * * LOW HITPOINT WARNING * * *
The acid corrodes you!
You are splashed with acid.
* * * LOW HITPOINT WARNING * * *
The acid blob attacks as you move away! The acid blob closely misses you.
The acid blob hits you!!
* * * LOW HITPOINT WARNING * * *
You are splashed with acid!
* * * LOW HITPOINT WARNING * * *
There is a stone staircase leading up here.
The acid blob misses you. The acid blob barely misses you. x2
The acid blob hits you!!
* * * LOW HITPOINT WARNING * * *
Your corrosive artefact corrodes you!
The acid corrodes you!
You are splashed with acid!
* * * LOW HITPOINT WARNING * * *
You fly upwards.
There is a stone staircase leading down here.
Okay, then.
Blink to where?
Press: ? - help, Dir - move target
As you read the scroll of blinking, it crumbles to dust.
The acid blob spits acid at you. The splash of acid hits you!!
You die...

...........####.... *
............##...#*,
...........###..##*
.......#...#.....#
........#........#######
.......#.J......########
.........§J.......##.###*
.........J.............#.##
................D..<......#
.....................#.#.##
....................#...#
...............^..####.##
..................######
....#.......#..#...####
.....#.............##
....#.##...##.....##
...#........##.#.##


You could see 3 acid blobs.

Vanquished Creatures
  A dread lich (Vaults:5)
  Mara (Vaults:2)
  Xtahua (Vaults:2)
  Boris (Vaults:5)
  Frederick (Vaults:3)
  4 caustic shrikes (Depths:4)
  Nikola (Swamp:4)
  A bone dragon (Depths:4)
  4 tentacled monstrosities (Vaults:5)
  Rupert (D:14)
  3 liches
  A quicksilver dragon (Vaults:5)
  Mlioglotl (Spider:3)
  2 titans
  11 acid blobs
  The ghost of Beorghan the Bludgeoner, an adept MiBe of Trog (Spider:2)
  The ghost of Vubreenic the Markscentaur, an adept CeHu of Okawaru (Spider:2)
  Gastronok (D:12)
  Frances (Spider:2)
  4 sphinxes
  8 tengu reavers
  The ghost of Lotaimix the Apostle, an adept HOFi of Beogh (Spider:2)
  The ghost of Qyadack the Severer, an adept HOFi of Beogh (Spider:2)
  7 shadow dragons
  Kirke (Elf:1)
  2 thorn hunters (Swamp:4)
  Agnes (Spider:1)
  Donald (Elf:1)
  A storm dragon (Vaults:4)
  4 azure jellies
  3 iron dragons
  3 fenstrider witches
  4 rockslimes
  A draconian knight (IceCv)
  6 fire giants
  Louise (Spider:3)
  11 emperor scorpions
  6 frost giants
  A deep elf elementalist (Elf:1)
  3 deep elf sorcerers
  3 orc warlords
  A draconian shifter (Depths:4)
  23 vault wardens
  7 ghost moths
  2 spriggan defenders (Depths:4)
  4 broodmothers (Spider:4)
  14 very ugly things
  19 ironbound preservers
  4 ironbound thunderhulks
  13 quicksilver oozes
  A hydra skeleton (Swamp:4)
  5 war gargoyles
  10 stone giants
  4 deep elf demonologists (Elf:2)
  7 entropy weavers
  3 eleionomae
  2 vampire knights (Swamp:4)
  2 minotaurs (D:13)
  A black draconian (Depths:4)
  3 deep elf annihilators
  2 purple draconians (Depths:4)
  2 red draconians (Depths:4)
  4 bunyips
  7 dire elephants
  6 spark wasps
  An eidolon (Vaults:3)
  5 white draconians (IceCv)
  9 ettins
  7 deep elf death magi
  4 shambling mangroves
  4 deep elf high priests (Vaults:5)
  11 fire dragons
  20 yaktaur captains
  3 great orbs of eyes
  33 vault guards
  8 ice dragons
  2 ogre magi (Vaults:5)
  6 boulder beetles
  A jorogumo (Spider:4)
  20 hydras
  4 rakshasas
  3 spriggan air magi
  A catoblepas (Lair:5)
  4 peacekeepers
  3 ghost crabs
  An anaconda (shapeshifter) (Vaults:5)
  2 radroaches (Spider:2)
  11 ironbound frosthearts
  3 two-headed ogres
  32 dancing weapons
  10 centaur warriors
  7 alligators
  A death knight (D:15)
  5 deep troll earth magi
  4 tengu warriors
  5 deep troll shamans
  16 death yaks
  6 hell knights (Depths:3)
  6 spriggan berserkers
  3 orc high priests (Orc:2)
  4 spriggans
  A shock serpent (shapeshifter) (Vaults:5)
  20 deep elf knights
  Urug (D:14)
  A shadow wraith (Vaults:4)
  2 iron trolls
  4 goliath frogs
  5 skeletal warriors
  2 pharaoh ants
  61 deep trolls
  A deep troll (shapeshifter) (Vaults:5)
  4 bog bodies (Swamp:3)
  7 swamp dragons (Swamp:4)
  An orange crystal statue (IceCv)
  8 steelbarb worms
  10 orb spiders
  6 glowing orange brains
  3 spriggan druids
  3 spectral hydras (Swamp:4)
  A flayed ghost (Swamp:4)
  31 deep elf pyromancers
  9 lindwurms
  7 deep elf archers
  A tengu zombie (Vaults:1)
  5 oklob plants
  7 phantasmal warriors
  14 ironbound convokers
  6 necromancers
  12 orc knights
  17 wizards
  A harpy (shapeshifter) (Elf:2)
  7 orc sorcerers
  28 ugly things
  22 deep elf zephyrmancers
  3 shining eyes
  5 cyclopes
  16 wolf spiders
  6 manticores
  4 will-o-the-wisps
  6 black mambas
  13 elephants
  19 vault sentinels
  6 moths of wrath
  2 eyes of devastation (Slime:5)
  A human skeleton (Vaults:1)
  5 torpor snails
  Maggie (D:6)
  An unseen horror (D:10)
  4 centaur skeletons (D:15)
  2 gargoyles
  6 storm dragon simulacra (IceCv)
  8 komodo dragons
  5 rime drakes
  5 cane toads
  56 yaktaurs
  9 demonic crawlers
  4 tengu conjurers
  10 freezing wraiths
  A komodo dragon (shapeshifter) (D:14)
  7 golden dragon simulacra
  6 trolls
  2 death drake zombies (Swamp:4)
  2 hydra zombies (Swamp:4)
  A troll (shapeshifter) (Vaults:4)
  A tarantella (shapeshifter) (Vaults:4)
  17 hornets
  11 tyrant leeches
  2 bloated husks (Swamp:3)
  93 slime creatures
  Grinder (D:5)
  17 tarantellas
  28 blink frogs
  2 dream sheep (Lair:5)
  A raiju (D:10)
  An ettin skeleton (Vaults:1)
  A fire giant simulacrum (Depths:3)
  Sigmund (D:5)
  2 air elementals (Elf:1)
  25 culicivoras
  18 jumping spiders
  4 fire elementals
  A shadow (D:6)
  4 water elementals
  A hog (Elf:1)
  5 basilisks
  A yak (shapeshifter) (Elf:1)
  70 yaks
  5 wyverns
  2 wraiths
  Eustachio (D:6)
  16 humans
  Grum (D:9)
  A redback simulacrum (D:15)
  3 steam dragons
  13 vampire mosquitoes
  31 redbacks
  16 swamp worms
  9 water moccasins
  2 acid dragons
  4 wargs
  3 hydra simulacra (Swamp:4)
  Duvessa (D:5)
  A glowing shapeshifter zombie (Depths:3)
  7 swamp drakes
  2 glowing shapeshifter skeletons (Depths:3)
  5 black bears
  29 orc warriors
  3 ice beasts
  6 ice dragon simulacra (IceCv)
  A swamp dragon zombie (Swamp:4)
  2 sky beasts
  12 wolves
  9 ogres
  3 boggarts (D:14)
  2 swamp dragon skeletons (Swamp:4)
  4 centaurs
  5 phantoms
  3 kobold brigands
  Blork the orc (D:6)
  4 gnoll sergeants
  7 scorpions
  2 earth elementals (Elf:3)
  2 bullfrogs
  20 wights
  Dowan (D:5)
  3 lindwurm simulacra (IceCv)
  A killer bee (D:6)
  5 electric eels
  3 howler monkeys (D:7)
  A jelly (D:6)
  7 hounds
  18 orc priests
  Crazy Yiuf (D:6)
  3 iguanas
  22 orc wizards
  7 hell rats
  26 gnolls
  8 adders
  2 shadow imps (D:6)
  A white imp (D:6)
  3 ufetubi
  3 worms
  3 dart slugs
  72 orcs
  A ball python (D:1)
  4 bats
  3 endoplasms (D:2)
  2 giant cockroaches (D:4)
  3 goblins
  5 hobgoblins
  2 jackals (D:5)
  2 frilled lizards
  22 kobolds
  A rat (D:3)
  A fire vortex (Depths:2)
  2 foxfires
  A fulminant prism (D:6)
  A plant (Lair:4)
1831 creatures vanquished.

Vanquished Creatures (collateral kills)
  A ball lightning (Spider:3)
  13 foxfires
14 creatures vanquished.

Vanquished Creatures (others)
  A human (Elf:1)
  A swamp drake (Swamp:4)
  A swamp dragon skeleton (Swamp:4)
  An orc (Vaults:5)
  64 ball lightnings
  816 foxfires
  109 fulminant prisms
  34 fungi
  70 plants
1097 creatures vanquished.

Grand Total: 2942 creatures vanquished

Notes
Turn   | Place    | Note
-------+----------+-------------------------------------------
     0 | D:1      | funnyparkerb the Djinni Fire Elementalist began the quest
                  | for the Orb.
     0 | D:1      | funnyparkerb set off with the following spells memorised:
                  | Foxfire, Scorch, Conjure Flame, Inner Flame, Flame Wave.
     0 | D:1      | Reached XP level 1. HP: 15/15 MP: 0/0
   434 | D:1      | Reached XP level 2. HP: 13/22 MP: 0/0
  1492 | D:2      | Reached skill level 1 in Fighting
  1492 | D:2      | Reached XP level 3. HP: 23/27 MP: 0/0
  1492 | D:2      | Learned a level 1 spell: Magic Dart
  1978 | D:2      | Identified the +2 robe of Ciggat {*Corrode +Inv rC+++ SInv}
  1993 | D:2      | You are sucked into a shaft and drop 1 floor!
  2400 | D:3      | Reached XP level 4. HP: 15/32 MP: 0/0
  3795 | D:4      | Reached skill level 2 in Fighting
  4175 | D:4      | Reached XP level 5. HP: 8/39 MP: 0/0
  4175 | D:4      | Learned a level 2 spell: Static Discharge
  4662 | D:5      | Entered Level 5 of the Dungeon
  4662 | D:5      | Noticed an ogre
  4664 | D:5      | Killed an ogre
  4665 | D:5      | Reached XP level 6. HP: 21/45 MP: 0/0
  4825 | D:5      | Reached skill level 3 in Fighting
  4878 | D:5      | Noticed Duvessa
  4878 | D:5      | Noticed Dowan
  4892 | D:5      | Killed Duvessa
  5263 | D:5      | Reached XP level 7. HP: 44/50 MP: 0/0
  5263 | D:5      | Learned a level 2 spell: Wereblood
  5271 | D:5      | Killed Dowan
  5369 | D:5      | Reached skill level 5 in Spellcasting
  5438 | D:5      | Noticed Grinder
  5451 | D:5      | Paralysed by Grinder for 5 turns
  5465 | D:5      | Killed Grinder
  5466 | D:5      | Reached skill level 4 in Fighting
  5841 | D:5      | Reached XP level 8. HP: 54/58 MP: 0/0
  5932 | D:5      | Noticed Sigmund
  5942 | D:5      | Killed Sigmund
  5959 | D:5      | Reached skill level 5 in Fighting
  6034 | D:5      | Found a staircase to the Ecumenical Temple.
  6058 | Temple   | Entered the Ecumenical Temple
  6097 | Temple   | Became a worshipper of Ashenzari the Shackled
  6144 | D:5      | Found a transporter.
  6400 | D:5      | Found a transporter.
  7087 | D:5      | Reached XP level 9. HP: 61/66 MP: 0/0
  7087 | D:5      | Learned a level 4 spell: Fulminant Prism
  7183 | D:5      | Reached skill level 6 in Fighting
  7861 | D:6      | Reached skill level 7 in Fighting
  8133 | D:6      | Noticed a cyclops
  8148 | D:6      | Killed a cyclops
  8149 | D:6      | Reached XP level 10. HP: 50/75 MP: 0/0
  8352 | D:6      | Noticed Blork the orc
  8363 | D:6      | Killed Blork the orc
  8721 | D:6      | Noticed Maggie
  8733 | D:6      | Killed Maggie
  8734 | D:6      | Reached skill level 8 in Fighting
  9147 | D:6      | Noticed Eustachio
  9154 | D:6      | Killed Eustachio
  9450 | D:6      | Found a runed translucent door.
  9451 | D:6      | Noticed Crazy Yiuf
  9458 | D:6      | Killed Crazy Yiuf
  9573 | D:7      | Found Pofuanitoxt's Jewellery Shoppe.
 10041 | D:7      | Reached skill level 10 in Spellcasting
 10041 | D:7      | Reached skill level 1 in Evocations
 10069 | D:7      | Reached XP level 11. HP: 34/82 MP: 0/0
 10069 | D:7      | Learned a level 5 spell: Manifold Assault
 10322 | D:7      | Identified the +5 flail of Xasmy {drain, rElec rCorr Int-3}
 10717 | D:8      | Reached skill level 9 in Fighting
 12415 | D:8      | Found a stormy altar of Qazlal.
 12415 | D:8      | Found a shadowy altar of Dithmenos.
 12417 | D:8      | Found a sacrificial altar of Ru.
 12417 | D:8      | Found a blossoming altar of Fedhas.
 12447 | D:8      | Noticed a two-headed ogre
 12459 | D:8      | Killed a two-headed ogre
 12711 | D:9      | Reached * piety under Ashenzari
 12848 | D:9      | Reached skill level 1 in Shields
 13197 | D:9      | Reached skill level 10 in Fighting
 13197 | D:9      | Reached XP level 12. HP: 56/93 MP: 0/0
 13737 | D:9      | Found a staircase to the Orcish Mines.
 14060 | D:9      | Noticed Grum
 14072 | D:9      | Killed Grum
 14598 | D:10     | Entered Level 10 of the Dungeon
 15174 | D:10     | Found a staircase to the Lair.
 16104 | D:10     | Found a burning altar of Makhleb.
 16106 | D:10     | Noticed an Executioner
 16517 | D:11     | Noticed an eight-headed hydra
 16527 | D:10     | Killed an eight-headed hydra
 16896 | D:11     | Reached skill level 5 in Dodging
 17235 | D:11     | Noticed a boulder beetle
 17263 | D:11     | Killed a boulder beetle
 17285 | Abyss:2  | Cast into level 2 of the Abyss (a wizard)
 17382 | D:11     | Escaped the Abyss
 17615 | D:11     | Reached XP level 13. HP: 82/100 MP: 0/0
 17615 | D:11     | Learned a level 5 spell: Lightning Bolt
 17657 | D:11     | Reached skill level 11 in Fighting
 17657 | D:11     | Reached skill level 5 in Shields
 18027 | D:11     | Found the +3 warlock's mirror {reflect}
 18035 | D:11     | Reached ** piety under Ashenzari
 18981 | D:12     | Noticed a boulder beetle
 18983 | D:12     | Killed a boulder beetle
 19047 | Lair:1   | Entered Level 1 of the Lair of Beasts
 19219 | Lair:1   | Noticed an eight-headed hydra
 19523 | Lair:1   | Killed an eight-headed hydra
 20351 | Lair:2   | Found a hole to the Spider Nest.
 20437 | Lair:2   | Found a staircase to the Swamp.
 20720 | Lair:2   | Reached XP level 14. HP: 87/106 MP: 0/0
 20969 | Lair:3   | Reached skill level 12 in Fighting
 21798 | Lair:4   | Identified the ring of Motis {Dex+2 SInv}
 22014 | Lair:4   | Found a staircase to the Slime Pits.
 22645 | Lair:5   | Entered Level 5 of the Lair of Beasts
 22664 | Lair:5   | Reached skill level 1 in Armour
 22919 | Lair:5   | Reached XP level 15. HP: 65/113 MP: 0/0
 22919 | Lair:5   | Learned a level 6 spell: Simulacrum
 23577 | Lair:5   | Identified Upuurhe's Codex of Nocuous Spellbinding
 23681 | Lair:5   | Reached skill level 13 in Fighting
 24211 | D:12     | Noticed Gastronok
 24217 | D:12     | Killed Gastronok
 24218 | D:12     | Reached skill level 5 in Armour
 24218 | D:12     | Reached skill level 10 in Dodging
 25052 | D:13     | Found Kimoaz's Demolitions Depot.
 25496 | D:13     | Reached XP level 16. HP: 103/121 MP: 0/0
 26186 | D:14     | Noticed Rupert
 26186 | D:14     | Noticed Urug
 26186 | D:14     | Found a gate to the Vaults.
 26190 | D:14     | Killed Urug
 26195 | D:14     | Killed Rupert
 26536 | D:14     | Reached skill level 15 in Spellcasting
 26615 | D:14     | Reached *** piety under Ashenzari
 27309 | Orc:1    | Entered Level 1 of the Orcish Mines
 27568 | Orc:1    | Found Noinoug's Assorted Antiques.
 27575 | Orc:1    | Bought a tin of tremorstones (2/2) for 960 gold pieces
 27696 | Orc:2    | Entered Level 2 of the Orcish Mines
 27920 | Orc:2    | Found a staircase to the Elven Halls.
 28053 | Orc:2    | Found Edas's Assorted Antiques.
 28056 | Orc:2    | Bought a scroll of blinking for 202 gold pieces
 28056 | Orc:2    | Bought a scroll of teleportation for 81 gold pieces
 28314 | Orc:2    | Reached skill level 10 in Shields
 28556 | Orc:2    | Found Wiriwuasch's Antique Weapon Shoppe.
 28556 | Orc:2    | Found Paxzyqat's Distillery.
 28557 | Orc:2    | Found Xuxtax Enib's Weapon Shop.
 28557 | Orc:2    | Found Asmiecze's Weapon Shop.
 28572 | Orc:2    | Bought 2 potions of brilliance for 112 gold pieces
 28781 | D:15     | Entered Level 15 of the Dungeon
 28913 | D:15     | Found a transporter.
 28915 | D:15     | Found a transporter.
 28933 | D:15     | Found a transporter.
 29062 | D:15     | Reached XP level 17. HP: 123/131 MP: 0/0
 29062 | D:15     | Learned a level 7 spell: Ozocubu's Refrigeration
 29156 | D:15     | Found a staircase to the Depths.
 29299 | D:15     | Found a portal to a secret trove of treasure.
 29610 | D:15     | Found a transporter.
 30044 | Swamp:1  | Entered Level 1 of the Swamp
 30054 | Swamp:1  | Reached skill level 14 in Fighting
 31382 | Swamp:3  | Found a frozen archway.
 31388 | IceCv    | Entered an ice cave
 31685 | IceCv    | Identified the ring "Bahi" {rPois rN+ Str+2 Dex+3}
 32182 | Swamp:3  | Reached XP level 18. HP: 132/144 MP: 0/0
 32693 | Swamp:4  | Entered Level 4 of the Swamp
 32824 | Swamp:4  | Reached skill level 10 in Armour
 32827 | Swamp:4  | Reached skill level 15 in Fighting
 32952 | Swamp:4  | Noticed Nikola
 33010 | Swamp:4  | Killed Nikola
 33476 | Swamp:4  | Found a basalt altar of Yredelemnul.
 33509 | Swamp:4  | Found a blossoming altar of Fedhas.
 33534 | Swamp:4  | Got a decaying rune of Zot
 33652 | Swamp:4  | Found a runed translucent door.
 33655 | Swamp:4  | Identified the +5 spear of the Lair of Beasts {spect, rPois
                  | Will+ Dex+3 Stlth-}
 33656 | Swamp:4  | Noticed Zeld's ghost (adept MiBe)
 33966 | Spider:1 | Entered Level 1 of the Spider Nest
 34358 | Spider:1 | Noticed Agnes
 34364 | Spider:1 | Killed Agnes
 34366 | Spider:1 | Reached **** piety under Ashenzari
 34898 | Spider:1 | Reached ***** piety under Ashenzari
 34920 | Spider:1 | Reached skill level 16 in Fighting
 34960 | Spider:1 | Reached XP level 19. HP: 152/158 MP: 0/0
 34960 | Spider:1 | Learned a level 6 spell: Conjure Ball Lightning
 35524 | Spider:2 | Noticed Frances
 35527 | Spider:2 | Killed Frances
 35881 | Spider:2 | Found a runed translucent gate.
 35881 | Spider:2 | Found a runed translucent gate.
 35881 | Spider:2 | Noticed Beorghan's ghost (adept MiBe)
 35882 | Spider:2 | Found a runed translucent gate.
 35882 | Spider:2 | Noticed Vubreenic's ghost (adept CeHu)
 35882 | Spider:2 | Noticed Lotaimix's ghost (adept HOFi)
 35882 | Spider:2 | Identified the +4 quarterstaff of the Evil Eye {vorpal, rF+
                  | Int+2 Dex-5}
 35882 | Spider:2 | Noticed Qyadack's ghost (adept HOFi)
 35954 | Spider:2 | Killed Lotaimix's ghost
 35954 | Spider:2 | Killed Beorghan's ghost
 35958 | Spider:2 | Killed Qyadack's ghost
 35964 | Spider:2 | Killed Vubreenic's ghost
 36635 | Spider:3 | Noticed Louise
 36639 | Spider:3 | Killed Louise
 36643 | Spider:3 | Noticed Mlioglotl
 36661 | Spider:3 | Killed Mlioglotl
 37387 | Spider:4 | Entered Level 4 of the Spider Nest
 37387 | Spider:4 | Identified the +0 pair of boots of Etzeashru {Dex+3}
 37771 | Spider:4 | Reached skill level 17 in Fighting
 38071 | Spider:4 | Reached XP level 20. HP: 77/169 MP: 0/0
 38093 | Spider:4 | HP: 6/169 [emperor scorpion (7)]
 38486 | Spider:4 | Got a gossamer rune of Zot
 38701 | Vaults:1 | Entered Level 1 of the Vaults
 38830 | Vaults:1 | Identified the +1 leather armour of Disguise {rPois rC+
                  | Dex-2}
 38852 | Vaults:1 | Found Dabiff's Antique Weapon Emporium.
 38976 | Vaults:1 | Identified the +7 scale mail of Shadows and Fog {rC++}
 39680 | Vaults:1 | Found a transporter.
 39760 | Vaults:1 | Found a bloodstained altar of Trog.
 39763 | Vaults:1 | Noticed Silenth's ghost (adept DrFE)
 39785 | Vaults:1 | Found a transporter.
 40457 | Vaults:2 | Reached skill level 18 in Fighting
 40487 | Vaults:2 | Noticed Mara
 40494 | Vaults:2 | Noticed funnyparkerb's illusion
 40494 | Vaults:2 | Killed Mara
 40969 | Vaults:2 | Reached XP level 21. HP: 173/177 MP: 0/0
 40969 | Vaults:2 | Learned a level 7 spell: Dragon Form
 41166 | Vaults:2 | Identified the cursed +0 cloak of Panopticon {Cun, Evo}
                  | (You took it off Crazy Yiuf on level 6 of the Dungeon)
 41166 | Vaults:2 | Identified the cursed +1 pair of gloves "Omen of Ashenzari"
                  | {Evo, Self} (You found it on level 9 of the Dungeon)
 41166 | Vaults:2 | Identified the cursed +5 ring mail "Fetters of Ashenzari"
                  | {rC+, Fort, Self} (You found it on level 10 of the Dungeon)
 41172 | Vaults:2 | Reached skill level 1 in Unarmed Combat
 41221 | Vaults:2 | Noticed Xtahua
 41226 | Vaults:2 | Killed Xtahua
 41826 | Vaults:3 | Reached skill level 5 in Unarmed Combat
 42075 | Vaults:3 | Identified the Almanac of Filth
 42153 | Vaults:3 | Reached ****** piety under Ashenzari
 42609 | Vaults:3 | Identified the +3 hand axe of Kumeme {protect, rF+}
 42645 | Vaults:3 | Reached skill level 10 in Unarmed Combat
 42855 | Vaults:3 | Noticed Frederick
 42858 | Vaults:3 | Killed Frederick
 43086 | Vaults:3 | Found a staircase to the Crypt.
 43235 | Vaults:3 | Reached XP level 22. HP: 169/169 MP: 0/0
 43666 | Vaults:4 | Identified the +7 flail of Irrepressible Laughter {drain,
                  | *Corrode rElec Will+ Dex+8}
 43736 | Vaults:4 | Reached skill level 15 in Dodging
 44231 | Vaults:4 | Found Cesko's General Store.
 44802 | Elf:1    | Entered Level 1 of the Elven Halls
 45048 | Elf:1    | Noticed Kirke
 45052 | Elf:1    | Killed Kirke
 45255 | Elf:1    | Paralysed by an air elemental for 1 turns
 45746 | Elf:2    | Noticed Donald
 45764 | Elf:1    | Killed Donald
 45980 | Elf:2    | Reached XP level 23. HP: 168/176 MP: 0/0
 45980 | Elf:2    | Learned a level 8 spell: Lehudib's Crystal Spear
 46350 | Elf:2    | Found a runed translucent gate.
 46351 | Elf:2    | Found a runed translucent gate.
 46351 | Elf:2    | Found a runed translucent gate.
 46489 | Elf:2    | Reached skill level 19 in Fighting
 47043 | Elf:3    | Entered Level 3 of the Elven Halls
 47251 | Elf:3    | Found a runed translucent gate.
 47251 | Elf:3    | Found a runed translucent gate.
 47266 | Elf:3    | Noticed quakins's ghost (adept TrTm)
 47312 | Elf:3    | Found a runed translucent gate.
 47348 | Elf:3    | Identified the ring "Koasyew" {Str+2 Int+6}
 47351 | Elf:3    | Identified a scroll of acquirement
 47702 | Depths:1 | Entered Level 1 of the Depths
 47771 | Depths:1 | Reached skill level 15 in Unarmed Combat
 48407 | Depths:1 | Found a transporter.
 48440 | Depths:1 | Found a transporter.
 48449 | Depths:1 | Found a transporter.
 48548 | Depths:1 | Found a transporter.
 48589 | Depths:1 | Found a gateway to Hell.
 48853 | Depths:2 | Found a one-way gate leading to the halls of Pandemonium.
 48865 | Depths:2 | Found a magical portal.
 49003 | Depths:2 | Identified Starting Willworking
 49004 | Depths:2 | Found a one-way gateway to a ziggurat.
 49784 | Depths:3 | Identified the +7 short sword of Domination {vorpal, rElec
                  | Str-3 Dex+2 SInv}
 49855 | Depths:3 | Found a one-way gate to the infinite horrors of the Abyss.
 50147 | Depths:3 | Reached XP level 24. HP: 185/185 MP: 0/0
 50843 | Depths:4 | Entered Level 4 of the Depths
 51116 | Depths:4 | Found a gate to the Realm of Zot.
 51360 | Depths:4 | Noticed a caustic shrike
 51360 | Depths:4 | Noticed a caustic shrike
 51361 | Depths:4 | Noticed a caustic shrike
 51363 | Depths:4 | Noticed a caustic shrike
 51365 | Depths:4 | Killed a caustic shrike
 51366 | Depths:4 | Killed a caustic shrike
 51368 | Depths:4 | Killed a caustic shrike
 51369 | Depths:4 | Killed a caustic shrike
 52443 | Vaults:5 | Entered Level 5 of the Vaults
 52449 | Vaults:5 | Identified the +4 falchion of Atotwal {flame, rCorr}
 52450 | Vaults:5 | Noticed a dread lich
 52452 | Vaults:5 | Reached skill level 20 in Fighting
 52479 | Vaults:5 | Killed a dread lich
 52522 | Vaults:5 | Reached XP level 25. HP: 193/193 MP: 0/0
 52522 | Vaults:5 | Learned a level 9 spell: Polar Vortex
 52734 | Vaults:5 | Got a silver rune of Zot
 52742 | Vaults:5 | Identified the +1 ring mail of Ycieg {rElec Int+4}
 53309 | Vaults:5 | Identified the +4 kite shield of Neysup {Int+7 Slay-6}
 53328 | Vaults:5 | Identified the +0 morningstar of the Ancient Knives
                  | {protect, Str+2 Int+5}
 53362 | Vaults:5 | Noticed Boris
 53637 | Vaults:5 | Killed Boris
 53995 | Vaults:5 | Identified the ring of the Breathing Priest {*Corrode MP+9
                  | Int+5}
 53999 | Vaults:5 | Identified the +3 shortbow "Pueluonn" {vorpal, rPois rCorr
                  | SInv Stlth-}
 54988 | Slime:1  | Entered Level 1 of the Pits of Slime
 55943 | Slime:4  | Reached XP level 26. HP: 209/209 MP: 0/0
 56375 | Slime:5  | Entered Level 5 of the Pits of Slime
 56415 | Slime:5  | Reached skill level 21 in Fighting
 56416 | Slime:5  | Noticed the Royal Jelly
 56440 | Slime:5  | HP: 15/315 [acid[the Royal Jelly] (7)]
 56442 | Slime:4  | Killed from afar by an acid blob

Illustrated notes

Levels and vault maps discovered:
D:1:      lightli_arrival_quake, layout_loops_ring
D:2:      minmay_kobold_bridge, layout_basic, minmay_misc_feat_cross,
          minmay_tetromino_t2
D:3:      layout_basic, serial_bayou, serial_bayou_shore_b, serial_bayou_pond_e,
          serial_bayou_pond_b, serial_bayou_lagoon_b
D:4:      layout_loops_ring, minmay_misc_feat_rows
D:5:      gammafunk_cloud_chamber, layout_cave_pods,
          minmay_temple_entry_proselytizer, minmay_misc_feat_more_columns,
          kennysheep_generic_room_12, uniq_sigmund, uniq_duvessa, uniq_grinder
D:6:      cheibrodos_fzero, layout_basic, st_stairs_10, uniq_crazy_yiuf_cottage,
          uniq_blork_the_orc, uniq_maggie, uniq_eustachio
D:7:      layout_gridville, serial_shops, nicolae_shop_advertising_works
          [nicolae_subvault_shop_adworks], minmay_starry_boxes
D:8:      layout_loops_cross, mainiacjoe_overflow_alcove_3, dk_vineyard_1,
          nicolae_benzene_ring
D:9:      layout_gridville, orc_0_dummy, nrook_mini_vaults, minmay_microvault,
          uniq_grum
D:10:     layout_roguey, makhleb_altar_promises_db,
          grunt_lair_entry_orc_guard_hut, minmay_misc_feat_rugged,
          amcnicky_mini_corridor_feature, dilly_guarded_unrand_elemental_staff
D:11:     minmay_smoke_and_mirrors, layout_cave_pods, serial_park,
          serial_park_avenue1, serial_park_square2, serial_park_tiny_2,
          serial_park_tiny_1, serial_park_square3 [serial_park_minivault_5x5_5]
D:12:     layout_basic, special_room [special_room_orc], uniq_gastronok
D:13:     fort_yaktaur, layout_loops_ring, nicolae_blasting_shop,
          nicolae_water_bricks
D:14:     layout_basic, david_vaults_3, serial_glass, glass_columns_c,
          glass_columns_a, nicolae_fountain_basement
D:15:     grunt_enter_depths_magical_seal, layout_loops_ring,
          nicolae_trove_entry_isolated, nicolae_transporter_circle
Temple:   nicolae_temple_bog_church
Lair:1:   layout_misc_corridors, grunt_megastairs_4
Lair:2:   layout_misc_corridors, minmay_swamp_entry_swarm,
          hellmonk_spider_entry_life_and_decay
Lair:3:   layout_chaotic_city, dreamdust_wasp_nest
Lair:4:   dragon1_lemuel, layout_hall_layers, minmay_slime_entry_oklob_open
Lair:5:   hangedman_lair_in_review, layout_long_grid
Swamp:1:  layout_basic_swamp, evilmike_swamp_ruin_house_4, swamp_pool1
Swamp:2:  nicolae_swamp_tree_isthmus, layout_basic_swamp,
          evilmike_swamp_ruin_rubble_1
Swamp:3:  layout_basic_swamp, portal_ice_cave_entry_horrid_things,
          serial_swamp_ruin, evilmike_swamp_ruin_rubble_2,
          evilmike_swamp_ruin_house_5, nicolae_swamp_spooky_pond
Swamp:4:  byrel_swamp_growth_death_and_undeath, layout_basic_swamp,
          ebering_ghost_funeral_grove, swamp_pool2,
          nicolae_swamp_orc_logging_accident, infiniplex_staircase_pool,
          uniq_nikola
Spider:1: layout_chambers, uniq_agnes
Spider:2: layout_cave_pods, gammafunk_ghost_cemetery, uniq_frances
Spider:3: layout_spider_delve, uniq_louise, uniq_mlioglotl
Spider:4: guppyfry_spider_rune
Slime:1:  layout_caves
Slime:2:  layout_caves
Slime:3:  layout_caves
Slime:4:  layout_caves
Slime:5
Orc:1:    layout_caves, serial_shops, shop
Orc:2:    st_orc_elflike, layout_diamond_mine, serial_shops,
          nicolae_shop_behind_doors, kennysheep_orc_sif_temple
Elf:1:    eino_elf_arrival_shootout, layout_loops_cross,
          minmay_elf_crystal_heptagon, uniq_kirke
Elf:2:    elven_hall_of_blades_hangedman_original [nicolae_blade_tridents],
          layout_loops_ring, uniq_donald
Elf:3:    minmay_elf_hall, layout_geoelf_grid, serial_shops, shop,
          gammafunk_ghost_split, basic_altar
Vaults:1: gammafunk_ghost_wrathful_warriors, ontoclasm_vaults_idyll,
          vaults_room_grunt_arrival_ludios, vaults_room_door_ring,
          vaults_dpeg_diagonal, nicolae_vaults_border_crossing,
          vaults_mumra_lcd, layout_vaults_omnigrid, serial_shops,
          nicolae_shop_crystal
Vaults:2: vaults_room_grid, v_misc_27, hangedman_vaults_restitches,
          ontoclasm_vaults_spin, nicolae_vaults_little_squares_6,
          vaults_room_fours, vaults_room_grunt_arrival_checkpoint,
          nicolae_vaults_specimen_jars, nicolae_vaults_little_squares_3,
          ontoclasm_vaults_claustrophobia, ontoclasm_vaults_loading_screen,
          vaults_room_corners, ontoclasm_vaults_decontamination,
          layout_vaults_ring, uniq_xtahua, uniq_mara
Vaults:3: vaults_room_door_ring, v_misc_12, hangedman_vaults_slither,
          minmay_crypt_entry_simple_corners, vaults_dpeg_doors,
          vaults_mumra_hex, v_misc_4, ontoclasm_vaults_chip,
          nicolae_vaults_network_square, layout_vaults_maze_bifur,
          uniq_frederick
Vaults:4: v_alt_pattern_2, nicolae_vaults_little_squares_1,
          vaults_mumra_minichess, v_misc_10, nicolae_vaults_know_your_exits,
          vaults_room_door_ring, ontoclasm_vaults_eye,
          nicolae_vaults_yaktaur_gun_rack, hangedman_vaults_locks,
          hangedman_vaults_impose, nicolae_vaults_little_ls,
          vaults_room_stairs_pillars, nicolae_vaults_little_squares_5,
          layout_vaults_omnicross, serial_shops, nicolae_lakefront_shop
Vaults:5: uniq_boris
Depths:1: layout_long_grid, serial_glass, glass_columns_b, glass_columns_b,
          glass_columns_b, glass_columns_b, glass_columns_c, glass_columns_b,
          glass_columns_c, glass_columns_c, pf_hell_entry_great_geh,
          nicolae_transporter_intersection, serial_bayou_shore_b
Depths:2: lemuel_firewalk_3, layout_gridlike, enter_ziggurat_e,
          rand_demon_pan_entry_4, hell_entry, hangedman_decor_lopped,
          mu_enter_wizlab_4, serial_glass, glass_columns_a, glass_columns_c,
          minmay_misc_feat_enclosed, minmay_misc_feat_encased,
          infiniplex_staircase_zigzag_1
Depths:3: minmay_bubble_buster, layout_gridville, serial_rivers,
          chequers_serial_rivers_small_3, chequers_serial_rivers_large_b,
          chequers_serial_rivers_micro_a, chequers_serial_rivers_marsh,
          minmay_room_of_horrors, grunt_hell_entry_dis_old
Depths:4: grunt_zot_entry_tricorne, layout_gridlike, hell_entry,
          minmay_misc_feat_four_crosses, minmay_misc_feat_ornament

Skill      XL: |  1  2  3  4  5  6  7  8  9 10 11 12 13 14 15 16 17 18 19 20 21 22 23 24 25 26 |
---------------+-------------------------------------------------------------------------------+-----
Fighting       | 1 2 3 4 5 7 8 10 11 12 13 14 16 17 18 19 20 21 | 21.0
Spellcasting   | 3 4 5 7 8 10 11 12 13 14 15 16 17 18 19 | 19.6
Evocations     | 1 4 |  4.7
Shields        | 2 4 6 8 9 10 11 12 13 | 13.5
Dodging        | 3 5 7 9 10 11 12 13 14 15 16 17 18 | 18.8
Armour         | 2 6 8 9 10 | 10.0
Unarmed Combat | 11 14 15 17 18 | 18.8
Stealth        | |  1.5

Action                   |  1- 3 |  4- 6 |  7- 9 | 10-12 | 13-15 | 16-18 | 19-21 | 22-24 | 25-27 || total
-------------------------+-------+-------+-------+-------+-------+-------+-------+-------+-------++-------
Melee: Short sword       |       |       |     1 |       |       |       |       |       |       ||     1
       Staff             |       |       |       |     3 |     1 |     3 |     1 |    57 |     6 ||    71
       Unarmed           |       |       |       |       |       |       |    65 |  1063 |   532 ||  1660
       Bite              |       |       |       |       |       |       |     1 |     2 |     5 ||     8
       Tailslap          |       |       |       |       |       |       |     1 |     1 |    10 ||    12
       Punch             |       |       |       |       |       |       |       |       |     4 ||     4
 Cast: Foxfire           |    80 |    75 |   115 |   251 |     3 |       |       |       |       ||   524
       Scorch            |     5 |    28 |    53 |   166 |    30 |       |       |       |       ||   282
       Conjure Flame     |       |     2 |    10 |    12 |       |       |       |       |       ||    24
       Fulminant Prism   |       |       |     8 |    66 |    25 |     7 |     4 |       |       ||   110
       Flame Wave        |       |       |     1 |     8 |     7 |     1 |       |       |       ||    17
       Static Discharge  |       |       |     1 |     1 |       |       |       |       |       ||     2
       Wereblood         |       |       |     1 |       |     3 |       |       |       |       ||     4
       Inner Flame       |       |       |       |     6 |    52 |   113 |    46 |       |       ||   217
       Magic Dart        |       |       |       |    20 |     9 |     7 |       |       |       ||    36
       Lightning Bolt    |       |       |       |       |   382 |   428 |   296 |       |     1 ||  1107
       Manifold Assault  |       |       |       |       |     1 |     2 |    38 |   697 |   321 ||  1059
       Ozocubu's Refrige |       |       |       |       |       |    96 |   195 |       |       ||   291
       Simulacrum        |       |       |       |       |       |     1 |       |       |       ||     1
       Conjure Ball Ligh |       |       |       |       |       |       |    28 |       |       ||    28
       Dragon Form       |       |       |       |       |       |       |     7 |    70 |    34 ||   111
Invok: Curse Item        |       |       |       |     2 |     2 |     5 |     2 |       |     1 ||    12
       Shatter the Chain |       |       |       |       |     1 |     1 |       |       |     1 ||     3
 Abil: End Transformatio |       |       |       |       |       |       |     1 |       |     3 ||     4
Evoke: Condenser vane    |       |       |       |       |     1 |       |       |       |       ||     1
       Wand              |       |       |       |       |       |       |     1 |       |       ||     1
  Use: Potion            |     3 |       |     2 |       |     1 |     1 |     2 |     4 |     6 ||    19
       Scroll            |     1 |       |       |     8 |       |     5 |     1 |     2 |     5 ||    22
 Stab: Distracted        |       |       |       |       |       |       |       |     1 |       ||     1
Armor: Robe              |     3 |     1 |     7 |    42 |    26 |    12 |       |       |       ||    91
       Ring mail         |       |       |       |       |       |    17 |    47 |     3 |     1 ||    68
       Skin              |       |       |       |       |       |       |     3 |    26 |    41 ||    70
Dodge: Dodged            |     8 |     4 |    22 |   101 |   140 |    96 |   182 |   100 |   129 ||   782
Block: Buckler           |       |       |       |    26 |    68 |    71 |   106 |    14 |     4 ||   289
       Reflection        |       |       |       |       |     7 |    26 |    28 |     1 |     2 ||    64
       Kite shield       |       |       |       |       |     2 |       |       |       |       ||     2
